 Dungeon Crawl Stone Soup version 0.30.1-9-gdf580d7c3d (webtiles) character file.

Game seed: 5830152557850414880

204142 safid the Warrior (level 18, -3/162 HPs)
             Began as a Merfolk Ice Elementalist on Oct 19, 2023.
             Was the Champion of Vehumet.
             Slain by a nagaraja
             ... wielding a +1 whip of distortion
              (18 damage)
             ... on level 4 of the Snake Pit on Oct 24, 2023.
             The game lasted 02:01:20 (49147 turns).

safid the Warrior (Merfolk Ice Elementalist)       Turns: 49147, Time: 02:01:21

Health: -3/162     AC: 15    Str:  6 (10) XL:     18   Next: 64%
Magic:  3/38       EV: 15    Int: 17 (20) God:    Vehumet [******]
Gold:   290        SH:  7    Dex: 14 (17) Spells: 28/49 levels left

rFire   + + .        a - +5 trident (venom)
rCold   + + .        z - +2 buckler
rNeg    . . .        H - +2 robe {rF+}
rPois   +            r - +2 helmet
rElec   +            M - +1 cloak "Geper" {rC++}
rCorr   .            P - +1 pair of gloves
SInv    +            w - +0 pair of boots
Will    +....        n - amulet "Noydox" {rElec Regen+ Int-4 Dex+3 SInv}
Stlth   ++           T - ring "Nudyubbeth" {Fly rF+ Int+3}
HPRegen 1.27/turn    K - ring of Ogoubb {rPois AC+4 SInv}
MPRegen 0.26/turn

%: no passive effects
@: flying, constricted
A: (nimble swimmer 2), mertail, deformed body
}: 1/15 runes: barnacled
a: Renounce Religion


You were on level 4 of the Snake Pit.
You worshipped Vehumet.
Vehumet was exalted by your worship.
You visited 7 branches of the dungeon, and saw 32 of its levels.
You visited the Abyss 1 time.
You also visited: Sewer and Volcano.

You collected 3635 gold pieces.
You spent 3345 gold pieces at shops.

Inventory:

Hand Weapons
 a - a +5 trident of venom (weapon)
Missiles
 V - 6 throwing nets
Armour
 l - a +2 robe of cold resistance
 r - a +2 helmet (worn)
 w - a +0 pair of boots (worn)
 z - a +2 buckler (worn)
 H - a +2 robe of fire resistance (worn)
 M - the +1 cloak "Geper" (worn) {rC++}
   (You found it on level 2 of the Lair of Beasts)

   rC:        It greatly protects you from cold.
 P - a +1 pair of gloves (worn)
Jewellery
 n - the amulet "Noydox" (around neck) {rElec Regen+ Int-4 Dex+3 SInv}
   (You bought it in a shop on level 2 of the Orcish Mines)

   [amulet of regeneration]

   Int:       It affects your intelligence (-4).
   Dex:       It affects your dexterity (+3).
   rElec:     It insulates you from electricity.
   SInv:      It lets you see invisible.
   Regen:     It increases your rate of health regeneration.
 u - the amulet of Kuenat {Faith rF+ rC+}
   (You took it off a merfolk aquamancer on level 4 of the Shoals)

   [amulet of faith]

   It allows you to gain divine favour quickly.
   rF:        It protects you from fire.
   rC:        It protects you from cold.
 K - the ring of Ogoubb (right hand) {rPois AC+4 SInv}
   (You bought it in a shop on level 2 of the Orcish Mines)

   [ring of protection]

   AC:        It affects your AC (+4).
   rPois:     It protects you from poison.
   SInv:      It lets you see invisible.
 S - the amulet of the Terrible God {rC- rN+ Regen+ Int+4 Dex+4}
   (You bought it in a shop on level 12 of the Dungeon)

   [amulet of regeneration]

   Int:       It affects your intelligence (+4).
   Dex:       It affects your dexterity (+4).
   rC:        It makes you vulnerable to cold.
   rN:        It protects you from negative energy.
   Regen:     It increases your rate of health regeneration.
 T - the ring "Nudyubbeth" (left hand) {Fly rF+ Int+3}
   (You bought it in a shop on level 12 of the Dungeon)

   [ring of flight]

   Int:       It affects your intelligence (+3).
   rF:        It protects you from fire.
   Fly:       It grants you flight.
Wands
 f - a wand of digging (11)
 j - a wand of mindburst (25)
 o - a wand of acid (12) (quivered)
 B - a wand of polymorph (7)
 D - a wand of paralysis (17)
 I - a wand of flame (12)
 J - a wand of iceblast (28)
Scrolls
 c - 7 scrolls of enchant weapon
 d - 3 scrolls of amnesia
 g - 5 scrolls of fog
 h - 5 scrolls of blinking
 k - 6 scrolls of fear
 t - 3 scrolls of teleportation
 F - 2 scrolls of poison
 N - 3 scrolls of magic mapping
 R - 9 scrolls of identify
 U - 2 scrolls of summoning
Potions
 b - a potion of magic
 e - a potion of invisibility
 i - 7 potions of brilliance
 m - 12 potions of ambrosia
 p - 4 potions of cancellation
 q - 2 potions of might
 s - 9 potions of flight
 v - 3 potions of curing
 x - 4 potions of berserk rage
 E - 4 potions of haste
 G - 2 potions of resistance
 L - 3 potions of mutation
Miscellaneous
 y - a phial of floods
 A - a condenser vane
 O - a box of beasts
 Q - a phantom mirror


   Skills:
 + Level 20.1 Fighting
 + Level 13.5 Dodging
 - Level 2.1 Stealth
 - Level 6.0 Shields
 - Level 16.0 Spellcasting
 - Level 4.0 Conjurations
 - Level 2.0 Translocations
 + Level 17.2 Ice Magic
 - Level 4.0 Air Magic
 - Level 8.0 Evocations


You had 28 spell levels left.
You knew the following spells:

 Your Spells              Type           Power      Damage    Failure   Level
a - Freeze                Ice            100%       1d10      0%          1
b - Frozen Ramparts       Ice            100%       1d16      0%          3
c - Ozocubu's Armour      Ice            64%        N/A       1%          3
d - Freezing Cloud        Conj/Ice/Air   21%        6-21      1%          5
e - Ozocubu's Refrigerat  Ice            32%        4d14      1%          7
f - Blink                 Tloc           40%        N/A       4%          2

Your spell library contained the following spells:

 Spells                   Type           Power      Damage    Failure   Level
 Orb of Destruction       Conj           13%        9d7       94%         7
 Foxfire                  Conj/Fire      80%        2x1d8     1%          1
 Kiss of Death            Conj/Necr      80%        2d11      1%          1
 Poisonous Vapours        Pois/Air       40%        N/A       1%          2
 Summon Ice Beast         Ice/Summ       42%        N/A       1%          4
 Mephitic Cloud           Conj/Pois/Air  22%        N/A       2%          3
 Apportation              Tloc           40%        N/A       3%          1
 Volatile Blastmotes      Fire/Tloc      34%        2d12      4%          3
 Iskenderun's Mystic Bla  Conj/Tloc      23%        2d6       5%          4
 Cigotuvi's Dreadful Rot  Necr/Pois/Air  36%        N/A       6%          2
 Inner Flame              Hex/Fire       13%        N/A       6%          3
 Vhi's Electric Charge    Tloc/Air       46%        N/A       6%          3
 Metabolic Englaciation   Hex/Ice        21%        N/A       6%          5
 Beastly Appendage        Tmut           26%        N/A       7%          1
 Necrotise                Necr           52%        1d6       7%          1
 Summon Small Mammal      Summ           52%        N/A       7%          1
 Flame Wave               Conj/Fire      20%        2d7       9%          4
 Fulminant Prism          Conj/Hex       10%        3d8       9%          4
 Sticky Flame             Conj/Fire      20%        2d4       9%          4
 Wereblood                Tmut           13%        N/A       11%         2
 Arcjolt                  Conj/Air       13%        1d23      11%         5
 Portal Projectile        Hex/Tloc       34%        N/A       14%         3
 Call Canine Familiar     Summ           13%        N/A       22%         3
 Confusing Touch          Hex            13%        N/A       22%         3
 Spider Form              Tmut/Pois      13%        N/A       22%         3
 Summon Guardian Golem    Hex/Summ       13%        N/A       22%         3
 Vampiric Draining        Necr           13%        2d6       22%         3
 Fireball                 Conj/Fire      10%        3d6       22%         5
 Manifold Assault         Tloc           20%        N/A       30%         4
 Simulacrum               Ice/Necr       21%        N/A       32%         6
 Lee's Rapid Deconstruct  Erth           6%         3d6*      43%         5
 Yara's Violent Unravell  Hex/Tmut       6%         3d5       43%         5
 Anguish                  Hex/Necr       6%         N/A       56%         4
 Cause Fear               Hex            6%         N/A       56%         4
 Dispel Undead            Necr           13%        3d9       56%         4
 Leda's Liquefaction      Hex/Erth       6%         N/A       56%         4
 Plasma Beam              Fire/Air       10%        2x1d23    71%         6
 Starburst                Conj/Fire      10%        6d5       71%         6
 Summon Forest            Summ/Tloc      8%         N/A       78%         5
 Agony                    Necr           13%        N/A       89%         5
 Alistair's Intoxication  Tmut/Pois      8%         N/A       89%         5
 Summon Mana Viper        Hex/Summ       13%        N/A       89%         5
 Summon Cactus Giant      Summ           6%         N/A       100%        6
 Enfeeble                 Hex            6%         N/A       100%        7
 Malign Gateway           Summ/Tloc      8%         N/A       100%        7
 Storm Form               Tmut/Air       10%        N/A       100%        7
 Maxwell's Capacitive Co  Air            13%        ∞         100%        8
 Necromutation            Tmut/Necr      6%         N/A       100%        8
 Summon Horrible Things   Summ           6%         N/A       100%        8


Dungeon Overview and Level Annotations

Branches:
Dungeon (15/15)            Temple (1/1) D:5            Lair (5/5) D:10
 Shoals (4/4) Lair:3        Snake (4/4) Lair:2        Slime (0/5) Lair:5
    Orc (2/2) D:12            Elf (1/3) Orc:2        Vaults (0/5) D:14
 Depths (0/4) D:15          Sewer (visited)         Volcano (visited)

Altars:
Ashenzari
Cheibriados
Dithmenos
Elyvilon
Fedhas
Gozag
Hepliaklqana
Kikubaaqudgha
Makhleb
Nemelex Xobeh
Okawaru
Qazlal
Ru
Sif Muna
Trog
Uskayaw
Vehumet
Wu Jian
Xom
Yredelemnul
Zin
The Shining One
Jiyva
Lugonu

Shops:
D:11 :   D:12 *=?   Orc:1 !   Orc:2 (=[*   Snake:3 :(   Snake:4 *

Portals:
Abyss: D:4 D:5

Annotations:
D:4 1 runed translucent door, Crazy Yiuf
D:5 2 transporters, foxicus's ghost, novice HOFi
Lair:1 middlethird's ghost, novice VSEE
Lair:4 exclusion: oklob plant
Shoals:1 exclusion: kraken
Shoals:4 Roxanne
Snake:1 2 transporters, Masjack's ghost, journeyman MiBe; Rupert
Elf:1 2 transporters, bairyn's ghost, adept DESu


Innate Abilities, Weirdness & Mutations

((You are very nimble when in or above water. (Stealth+, EV+, Speed+++)))
Your lower body shifts to a powerful aquatic tail in water.
Armour fits poorly on your strangely shaped body.


Message History

Unknown command.
You hit the nagaraja but do no damage.
The nagaraja is severely wounded.
The nagaraja hits you with a +0 flail. The nagaraja spits poison at you.
The splash of poison hits you. You resist. The nagaraja constricts you.
The nagaraja hits you with a +0 flail!
* * * LOW HITPOINT WARNING * * *
The nagaraja hits you with a +1 whip of distortion!
* * * LOW HITPOINT WARNING * * *
Space warps around you.
* * * LOW HITPOINT WARNING * * *
The nagaraja constricts you.
* * * LOW HITPOINT WARNING * * *
Unknown command.
Unknown command.
Unknown command.
You feel better. The nagaraja misses you. The nagaraja loses its grip on you.
The nagaraja hits you with a +0 flail!
* * * LOW HITPOINT WARNING * * *
The nagaraja grabs you. The nagaraja constricts you.
Unknown command.
Casting: Frozen Ramparts (safe; 0% risk of failure)
Confirm with . or Enter, or press ? or * to list all spells.
You don't have enough magic to cast this spell.
Unknown command.
Unknown command.
Unknown command.
Unknown command.
Unknown command.
You hit the nagaraja.
The nagaraja is severely wounded.
The nagaraja gestures at you while chanting.
The bolt of poison misses you. The nagaraja spits poison at you.
You block the splash of poison. The nagaraja constricts you.
The nagaraja hits you with a +1 whip of distortion!
* * * LOW HITPOINT WARNING * * *
Space warps horribly around you!!
You die...

##### ..........#'# ##...##
..........#.. ##[....####
..).......#.. #..###....##
.........##.. ##..#
##.)..##....†)...#... #~.†##
###...#.......†.##.. #≈~.≈#
##)..##.........#..
#.)~~.~≈≈≈#N#†#.#.........#..
#.)...)~~≈≈##@N.##.#####...###
#.~~~~...~≈≈#.#.####. .##.....
#.~≈~≈~~.~≈##....##.###.###...
#..~)≈≈≈~.~##.....##.)..÷###...
#~..~~≈≈≈.##......#..)....#....
#≈≈...~≈~.#≈~.....[.~≈~~).'....
#≈~...[.#)~≈≈≈~)'....
#≈~...))+.~~~≈~.'....
##.....)#[......#.†..


You could see 2 nagarajas.

Vanquished Creatures
  Vashnia (Snake:3)
  Nikola (Snake:1)
  Polyphemus (Shoals:2)
  A kraken (Shoals:3)
  3 tentacled starspawn (Abyss:3)
  Gastronok (Lair:2)
  Agnes (Snake:2)
  Kirke (D:15)
  4 nagarajas
  Aizul (Snake:1)
  An orc warlord (Orc:2)
  A frost giant (Shoals:4)
  A very ugly thing (Snake:4)
  Nessos (D:14)
  Azrael (D:14)
  An ettin (Orc:2)
  2 merfolk javelineers
  6 merfolk impalers
  A fire dragon (D:14)
  Josephine (Lair:5)
  2 salamander tyrants
  A vault guard (D:14)
  8 hydras
  4 catoblepae
  5 centaur warriors
  5 merfolk avatars
  14 anacondas
  9 merfolk aquamancers
  A satyr (Abyss:3)
  2 boulder beetles
  8 naga warriors
  3 two-headed ogres
  2 alligator snapping turtles
  10 death yaks
  10 naga sharpshooters
  3 shock serpents
  3 orc high priests (Orc:2)
  A fire crab (shapeshifter) (D:13)
  4 skysharks
  3 salamander mystics
  12 sea snakes
  A glowing orange brain (D:15)
  2 wizards
  2 naga ritualists
  4 deep elf zephyrmancers (Elf:1)
  5 orc knights
  5 deep elf pyromancers
  21 ugly things
  7 harpies
  12 mana vipers
  12 manticores
  6 salamanders
  2 cyclopes (Shoals:4)
  2 fauns
  4 orc sorcerers (Orc:2)
  14 elephants
  9 merfolk sirens
  19 black mambas
  10 naga magi
  An eye of devastation (Lair:5)
  An orange demon (Abyss:3)
  10 water nymphs
  A guardian serpent (shapeshifter) (D:14)
  2 guardian serpents
  8 cane toads
  An apocalypse crab (Abyss:3)
  A torpor snail (Lair:5)
  Psyche (D:9)
  A gargoyle (D:11)
  An unseen horror (D:12)
  2 kobold demonologists
  3 rime drakes
  5 komodo dragons
  3 tengu conjurers
  A komodo dragon (shapeshifter) (D:14)
  An efreet (D:13)
  26 merfolk
  A queen bee (Lair:1)
  6 trolls
  4 polar bears
  A hornet (D:7)
  4 raiju (Abyss:2)
  6 snapping turtles
  8 wind drakes
  11 blink frogs
  15 dream sheep
  5 slime creatures (D:15)
  A flying skull (Abyss:2)
  61 yaks
  3 fire elementals
  16 water elementals
  5 wyverns
  6 wraiths
  6 fire bats
  3 large abominations
  A basilisk (Lair:1)
  A hog (shapeshifter) (D:14)
  4 hogs (D:15)
  A chaos spawn (Snake:4)
  A spatial vortex (Abyss:2)
  33 nagas
  6 water moccasins
  2 acid dragons
  4 hell hounds (D:14)
  A floating eye (shapeshifter) (D:15)
  A floating eye (Lair:5)
  2 sky beasts
  34 orc warriors
  A black bear (Lair:2)
  4 ogres
  19 centaurs
  4 small abominations
  6 wolves (Lair:3)
  4 kobold brigands
  10 bullfrogs
  2 gnoll sergeants
  5 scorpions
  14 wights
  32 killer bees
  7 electric eels (D:12)
  6 howler monkeys
  6 lava snakes (Volcano)
  32 orc priests
  A hound (D:6)
  2 jellies
  3 gnoll boudas
  5 iguanas
  23 orc wizards
  7 hell rats (Lair:5)
  A sickly merfolk siren (Sewer)
  A malarious merfolk avatar (Sewer)
  Robin (D:2)
  18 gnolls
  12 adders
  2 river rats (Sewer)
  A white imp (Abyss:3)
  A worm (D:2)
  3 dart slugs
  93 orcs
  8 ball pythons
  2 bat zombies (D:10)
  7 endoplasms
  2 giant cockroaches
  9 hobgoblins
  3 jackals (D:1)
  4 quokkas
  5 bats
  A frilled lizard (Sewer)
  13 goblins
  25 kobolds
  21 rats
  2 rat zombies (D:10)
  2 lurking horrors
  2 starspawn tentacles (Abyss:3)
  4 tentacles (Shoals:3)
1036 creatures vanquished.

Vanquished Creatures (others)
  A merfolk aquamancer (Shoals:4)
  A wizard (D:4)
  A small abomination (Abyss:2)
  A white imp (Abyss:3)
  5 starspawn tentacles (Abyss:3)
9 creatures vanquished.

Grand Total: 1045 creatures vanquished

Notes
Turn   | Place    | Note
-------+----------+-------------------------------------------
     0 | D:1      | safid the Merfolk Ice Elementalist began the quest for the
                  | Orb.
     0 | D:1      | Reached XP level 1. HP: 13/13 MP: 3/3
   199 | D:1      | Reached XP level 2. HP: 19/20 MP: 0/5
   221 | D:1      | Reached skill level 1 in Fighting
   872 | D:1      | Reached XP level 3. HP: 20/26 MP: 3/6
   902 | D:1      | Found a faded altar of an unknown god.
   907 | D:1      | Learned a level 3 spell: Frozen Ramparts
  1402 | D:2      | Noticed Robin
  1406 | D:2      | Reached skill level 2 in Fighting
  1408 | D:2      | Reached skill level 5 in Ice Magic
  1408 | D:2      | Reached XP level 4. HP: 32/33 MP: 3/8
  1421 | D:2      | Killed Robin
  1744 | D:3      | Learned a level 3 spell: Ozocubu's Armour
  1842 | D:3      | Found a glowing drain.
  1851 | Sewer    | Entered a sewer
  1901 | Sewer    | Reached XP level 5. HP: 39/39 MP: 9/9
  2064 | Sewer    | Reached skill level 3 in Fighting
  2325 | Sewer    | Reached XP level 6. HP: 33/47 MP: 0/11
  2885 | D:3      | Found a white marble altar of Elyvilon.
  3505 | D:4      | Found a shimmering blue altar of Sif Muna.
  3539 | D:4      | Reached skill level 4 in Fighting
  3672 | D:4      | Got the Parchment of Conflagration and Displacement
  3771 | D:4      | Found a one-way gate to the infinite horrors of the Abyss.
  3911 | D:4      | Found a corrupted altar of Lugonu.
  3936 | D:4      | Found a bloodstained altar of Trog.
  3945 | D:4      | Noticed a wizard
  3950 | D:4      | Killed a wizard
  4088 | D:4      | Reached XP level 7. HP: 54/54 MP: 6/13
  4178 | D:4      | Found a runed translucent door.
  4179 | D:4      | Noticed Crazy Yiuf
  4809 | D:5      | Entered Level 5 of the Dungeon
  4879 | D:5      | Noticed a small abomination
  4885 | D:5      | Found a transporter.
  4999 | D:5      | Found a staircase to the Ecumenical Temple.
  5032 | D:5      | Found a stormy altar of Qazlal.
  5032 | D:5      | Found a basalt altar of Yredelemnul.
  5034 | D:5      | Found a sacrificial altar of Ru.
  5034 | D:5      | Found a hazy altar of Hepliaklqana.
  5034 | D:5      | Identified the +3 hand axe "Ducet" {drain, rPois}
  5050 | Temple   | Entered the Ecumenical Temple
  5142 | Temple   | Became a worshipper of Vehumet
  5159 | D:5      | Found a transporter.
  5168 | D:5      | Noticed foxicus's ghost (novice HOFi)
  5173 | D:5      | Found an opulent altar of Gozag.
  5558 | D:6      | Reached skill level 5 in Fighting
  5814 | D:6      | Reached XP level 8. HP: 62/62 MP: 8/15
  5840 | D:6      | Reached skill level 5 in Spellcasting
  6275 | D:6      | Reached skill level 6 in Fighting
  6326 | D:6      | Reached * piety under Vehumet
  6326 | D:6      | Offered knowledge of Shock by Vehumet.
  6352 | D:6      | Found a burning altar of Makhleb.
  6746 | D:7      | Reached skill level 5 in Dodging
  6746 | D:7      | Reached XP level 9. HP: 14/67 MP: 7/17
  7047 | D:7      | Noticed a hornet
  7053 | D:7      | Killed a hornet
  7054 | D:7      | Reached skill level 7 in Fighting
  7347 | D:7      | Found a broken altar of Ashenzari.
  8182 | D:8      | Reached ** piety under Vehumet
  8183 | D:8      | Offered knowledge of Static Discharge by Vehumet.
  8355 | D:8      | Reached XP level 10. HP: 54/80 MP: 13/20
  8462 | D:8      | Learned a level 2 spell: Blink
  8500 | D:8      | Reached skill level 8 in Fighting
  8755 | D:9      | Noticed Psyche
  8772 | D:9      | Killed Psyche
  9044 | D:9      | Found an ornate altar of the Wu Jian Council.
  9536 | D:10     | Entered Level 10 of the Dungeon
  9584 | D:10     | Offered knowledge of Poisonous Vapours by Vehumet.
  9590 | D:10     | Reached skill level 10 in Ice Magic
  9959 | D:10     | Found a staircase to the Lair.
 10028 | D:10     | Found an ancient bone altar of Kikubaaqudgha.
 10428 | D:10     | Got the Collected Works on Death and Forms
 10456 | D:10     | Reached skill level 9 in Fighting
 10793 | Lair:1   | Entered Level 1 of the Lair of Beasts
 10793 | Lair:1   | Found the brooch of Shielding {Spirit SH+8}
 10827 | Lair:1   | Reached *** piety under Vehumet
 10843 | Lair:1   | Reached XP level 11. HP: 89/89 MP: 23/23
 10897 | Lair:1   | Noticed middlethird's ghost (novice VSEE)
 10898 | Lair:1   | Noticed a minotaur
 10930 | Lair:1   | Reached skill level 1 in Evocations
 10932 | Lair:1   | Offered knowledge of Airstrike by Vehumet.
 11301 | Lair:1   | Got the Compendium of Cursed Transmigration
 11306 | Lair:1   | You fall into a shaft and drop 1 floor!
 11308 | Lair:2   | Identified the +1 cloak "Geper" {rC++}
 11384 | Lair:2   | Reached skill level 10 in Dodging
 11417 | Lair:2   | Reached **** piety under Vehumet
 11440 | Lair:2   | Reached skill level 10 in Fighting
 11486 | Lair:2   | Noticed a skyshark
 11510 | Lair:2   | Killed a skyshark
 11514 | Lair:2   | Found a dark tunnel.
 11520 | Volcano  | Entered a volcano
 11801 | Volcano  | Offered knowledge of Freezing Cloud by Vehumet.
 11929 | Volcano  | Noticed a two-headed ogre
 11929 | Volcano  | Noticed an obsidian statue
 12207 | Lair:2   | Noticed Gastronok
 12228 | Lair:2   | Killed Gastronok
 12376 | Lair:2   | Learned a level 5 spell: Freezing Cloud
 12381 | Lair:2   | Found a staircase to the Snake Pit.
 12401 | Lair:2   | Reached XP level 12. HP: 92/98 MP: 18/25
 12608 | Lair:2   | Reached skill level 1 in Conjurations
 12608 | Lair:2   | Reached skill level 1 in Air Magic
 13001 | Lair:3   | Found a staircase to the Shoals.
 14254 | Lair:4   | Noticed a skyshark
 14259 | Lair:4   | Noticed a skyshark
 14263 | Lair:4   | Killed a skyshark
 14274 | Lair:4   | Killed a skyshark
 14275 | Lair:4   | Reached skill level 11 in Fighting
 14328 | Lair:4   | Reached skill level 5 in Evocations
 14648 | Lair:4   | Noticed a boulder beetle
 14670 | Lair:4   | Killed a boulder beetle
 15059 | Lair:4   | Identified the +2 whip "Efutox" {antimagic, rF- Str+3
                  | Dex+2}
 15241 | Lair:5   | Entered Level 5 of the Lair of Beasts
 15245 | Lair:5   | Noticed a four-headed hydra
 15256 | Lair:5   | Killed a four-headed hydra
 15283 | Lair:5   | Noticed a four-headed hydra
 15288 | Lair:5   | Killed a four-headed hydra
 15288 | Lair:5   | Reached ***** piety under Vehumet
 15289 | Lair:5   | Reached XP level 13. HP: 95/106 MP: 26/26
 15300 | Lair:5   | Offered knowledge of Olgreb's Toxic Radiance by Vehumet.
 15449 | Lair:5   | Reached skill level 10 in Spellcasting
 15590 | Lair:5   | Noticed Josephine
 15607 | Lair:5   | Killed Josephine
 16137 | Lair:5   | Paralysed by a floating eye for 4 turns
 16142 | Lair:5   | Paralysed by a floating eye for 3 turns
 16167 | Lair:5   | Reached skill level 12 in Fighting
 16435 | Lair:5   | Found a viscous altar of Jiyva.
 16436 | Lair:5   | Found a staircase to the Slime Pits.
 17241 | Lair:5   | Reached XP level 14. HP: 98/116 MP: 16/28
 18064 | Lair:5   | Offered knowledge of Ozocubu's Refrigeration by Vehumet.
 18074 | Lair:5   | Learned a level 7 spell: Ozocubu's Refrigeration
 18163 | Lair:5   | Reached skill level 13 in Fighting
 18342 | Lair:5   | HP: 5/118 [something/blast of calcifying dust (3)]
 19554 | D:11     | Identified the +4 falchion of Luklaett {chaos, Str+2}
 19613 | D:11     | Found Teilluos's Book Emporium.
 20492 | D:12     | Found Siecw's Assorted Antiques.
 20494 | D:12     | Bought a scroll of identify for 58 gold pieces
 20563 | D:12     | Found a staircase to the Orcish Mines.
 20675 | D:12     | Found Bioschur's Jewellery Shoppe.
 21540 | D:12     | Found Tianesia's Magic Scroll Emporium.
 21548 | D:12     | Bought 2 scrolls of identify for 48 gold pieces
 21646 | Orc:1    | Entered Level 1 of the Orcish Mines
 21955 | Orc:2    | Entered Level 2 of the Orcish Mines
 22514 | Orc:2    | Found a staircase to the Elven Halls.
 22868 | Orc:2    | Noticed an orc warlord
 24069 | Orc:2    | Reached skill level 14 in Fighting
 24203 | Orc:2    | Killed an orc warlord
 24204 | Orc:2    | Reached XP level 15. HP: 39/126 MP: 7/31
 24533 | Orc:2    | Found Aruasa's Antique Armour Emporium.
 24534 | Orc:2    | Found Zuigg's Antique Weapon Shoppe.
 24536 | Orc:2    | Found Jaemigao's General Store.
 24536 | Orc:2    | Found Touzohea's Jewellery Emporium.
 25348 | Orc:1    | Found Bympuz's Distillery.
 25506 | Orc:2    | Bought a scroll of identify for 28 gold pieces
 25506 | Orc:2    | Bought a scroll of blinking for 105 gold pieces
 25515 | Orc:2    | Bought a twisted cloak for 180 gold pieces
 25515 | Orc:2    | Identified the +0 cloak "Iraecaot" {rF- Will+ Int+3} (You
                  | bought it in a shop on level 2 of the Orcish Mines)
 25614 | D:12     | Bought the amulet of the Terrible God {rC- rN+ Regen+ Int+4
                  | Dex+4} for 816 gold pieces
 25614 | D:12     | Bought the ring "Nudyubbeth" {Fly rF+ Int+3} for 604 gold
                  | pieces
 25668 | D:13     | Offered knowledge of Eringya's Noxious Bog by Vehumet.
 25840 | D:13     | Reached skill level 15 in Ice Magic
 26963 | D:14     | Noticed Nessos
 26968 | D:14     | Killed Nessos
 26969 | D:14     | Reached skill level 1 in Translocations
 27709 | D:14     | Noticed Azrael
 27714 | D:14     | Killed Azrael
 28160 | Orc:2    | Bought the ring of Ogoubb {rPois AC+4 SInv} for 719 gold
                  | pieces
 29048 | D:14     | Found a gate to the Vaults.
 29113 | D:15     | Entered Level 15 of the Dungeon
 29367 | D:15     | Reached skill level 15 in Fighting
 29720 | D:15     | Noticed Kirke
 29729 | D:15     | Noticed a sphinx
 29732 | D:15     | Killed Kirke
 30320 | D:15     | Found a staircase to the Depths.
 30632 | D:15     | Reached ****** piety under Vehumet
 30637 | D:15     | Offered knowledge of Conjure Ball Lightning by Vehumet.
 30932 | Elf:1    | Entered Level 1 of the Elven Halls
 30946 | Elf:1    | Reached XP level 16. HP: 135/136 MP: 30/33
 30960 | Elf:1    | Found a radiant altar of Vehumet.
 31185 | Elf:1    | Got the Guide on Putrescence
 31189 | Elf:1    | Found a transporter.
 31189 | Elf:1    | Noticed bairyn's ghost (adept DESu)
 31204 | Elf:1    | Found a transporter.
 31594 | Shoals:1 | Entered Level 1 of the Shoals
 31822 | Shoals:1 | Reached skill level 16 in Fighting
 32710 | Shoals:1 | Noticed a kraken
 33775 | Shoals:2 | Noticed Polyphemus
 33799 | Shoals:2 | Killed Polyphemus
 35436 | Shoals:3 | Reached skill level 17 in Fighting
 36463 | Shoals:3 | Noticed a kraken
 36642 | Shoals:3 | Killed a kraken
 36981 | Shoals:4 | Entered Level 4 of the Shoals
 37379 | Shoals:4 | Offered knowledge of Iskenderun's Battlesphere by Vehumet.
 37474 | Shoals:4 | Reached skill level 15 in Spellcasting
 37654 | Shoals:4 | Reached XP level 17. HP: 42/149 MP: 12/36
 37862 | Shoals:4 | Noticed Roxanne
 38570 | Orc:2    | Bought the amulet "Noydox" {rElec Regen+ Int-4 Dex+3 SInv}
                  | for 645 gold pieces
 39094 | Shoals:4 | Reached skill level 18 in Fighting
 39216 | Shoals:4 | Got a barnacled rune of Zot
 40766 | Shoals:4 | Identified the amulet of Kuenat {Faith rF+ rC+}
 41612 | Snake:1  | Entered Level 1 of the Snake Pit
 41758 | Snake:1  | Noticed Rupert
 41841 | Snake:1  | Noticed Aizul
 41861 | Snake:1  | Killed Aizul
 41978 | Snake:1  | Found a transporter.
 42059 | Snake:1  | Noticed Masjack's ghost (journeyman MiBe)
 42301 | Snake:1  | Found a transporter.
 42345 | Snake:1  | Noticed Nikola
 42357 | Snake:1  | Killed Nikola
 42736 | Snake:1  | Reached skill level 19 in Fighting
 43564 | Orc:2    | Bought a shiny buckler for 142 gold pieces
 43916 | Snake:2  | Found a shimmering blue altar of Sif Muna.
 44038 | Snake:2  | Offered knowledge of Iron Shot by Vehumet.
 44039 | Snake:2  | Reached skill level 1 in Shields
 44484 | Snake:2  | Noticed Agnes
 44493 | Snake:2  | Killed Agnes
 45470 | Snake:3  | Noticed Vashnia
 45908 | Snake:3  | Killed Vashnia
 46359 | Snake:3  | Reached XP level 18. HP: 160/160 MP: 26/38
 46491 | Snake:3  | Found Neosaak's Weapon Emporium.
 46491 | Snake:3  | Found Dehuxteh's Book Shoppe.
 46588 | Snake:3  | Reached skill level 5 in Shields
 46752 | Snake:4  | Entered Level 4 of the Snake Pit
 47063 | Snake:4  | Found Pinun's Gadget Gallery.
 48177 | Snake:4  | Offered knowledge of Orb of Destruction by Vehumet.
 48360 | Abyss:2  | Cast into level 2 of the Abyss (nagaraja)
 48457 | Abyss:2  | Found a corrupted altar of Lugonu.
 48459 | Abyss:2  | Found a corrupted altar of Lugonu.
 48459 | Abyss:2  | Found a corrupted altar of Lugonu.
 48607 | Abyss:3  | Reached skill level 20 in Fighting
 48921 | Abyss:3  | Noticed a bone dragon
 48926 | Abyss:3  | Gained mutation: Armour fits poorly on your strangely
                  | shaped body. [a neqoxec]
 48982 | Abyss:3  | Paralysed by you for 4 turns
 49124 | Snake:4  | Escaped the Abyss
 49147 | Snake:4  | Slain by a nagaraja

Illustrated notes

Levels and vault maps discovered:
D:1:      amcnicky_arrival_wind_blow, layout_loops_ring, basic_ecumenical_altar,
          minmay_tetromino_l4
D:2:      layout_basic, uniq_robin
D:3:      layout_basic, elyvilon_altar_5, portal_sewer_entry_d,
          minmay_hedge_maze, minmay_misc_feat_hallway, hangedman_feature_mirror,
          st_stairs_7
D:4:      layout_basic, trog_wizard, tgw_sif, amcnicky_altar_lugonu_corruption,
          uniq_crazy_yiuf_cottage
D:5:      layout_rooms, grunt_temple_overflow_open, minmay_temple_entry_glass,
          gammafunk_ghost_abyssal_escape
D:6:      layout_basic, old_standard_altar, feat_on_display
D:7:      layout_basic, old_standard_altar, minmay_strange_pillars
D:8:      layout_gridville, serial_bayou_crossing
D:9:      layout_small_grid, nzn_wu_jian_council_hall, supply_closet_lemuel,
          uniq_psyche
D:10:     layout_long_grid, lemuel_zombie_altar_kikubaaqudgha,
          david_lair_shrubbed, hangedman_abyss_or_decor_clamps,
          nicolae_zen_rock_garden
D:11:     layout_basic, serial_shops, shop, small_statue_intersection
D:12:     layout_basic, orc_0_dummy, serial_bayou, serial_bayou_pond_a,
          serial_bayou_lagoon_a, serial_bayou_lake_a, serial_bayou_shore_b,
          serial_shops, nicolae_shop_peninsula, nicolae_shop_window_shopping,
          nicolae_shop_hallway_stairs
D:13:     layout_basic, serial_glass, glass_columns_c, glass_columns_b
D:14:     minmay_goldmine, layout_layer_cave, david_vaults_4,
          palyth_stone_intersect, uniq_nessos, uniq_azrael
D:15:     gammafunk_enter_depths_forms, layout_basic, special_room
          [special_room_orc], uniq_kirke
Temple:   hellmonk_temple_micro_hex
Lair:1:   layout_roguey, special_room [special_room_bee],
          maelrawn_ghost_gauntlet_escape, nicolae_quartered_pool_impasse
Lair:2:   layout_chaotic_city, minmay_snake_entry_guardpost_small,
          nicolae_volcano_entry_hallway, chequers_serial_rivers_room_b,
          dreamdust_gnoll_shepherd, grunt_megastairs_1, serial_bayou_shore_b,
          uniq_gastronok
Lair:3:   layout_regular_city, shoals_dummy_entry
Lair:4:   layout_cave_pods, lemuel_fruit_fields, grunt_megastairs_3
Lair:5:   evilmike_catoblepas_cave, layout_regular_city,
          minmay_slime_entry_eyes, gauntlet_entry_generic,
          nicolae_lair_grove_arrangements, st_stairs_13, grunt_megastairs_2,
          lemuel_fruit_tree, uniq_josephine
Shoals:1: layout_shoals
Shoals:2: layout_shoals, uniq_polyphemus
Shoals:3: layout_shoals, nicolae_shoals_water_shrine
Shoals:4: shoals_end_grunt_ice, layout_shoals, nicolae_shoals_square_sea_wall,
          uniq_roxanne
Snake:1:  layout_basic, gammafunk_ghost_berserking_beasts,
          nicolae_snake_gridmaze_big_u, uniq_rupert, uniq_aizul, uniq_nikola
Snake:2:  layout_misc_corridors, basic_altar, uniq_agnes
Snake:3:  layout_misc_corridors, minmay_shoptagon, uniq_vashnia
Snake:4:  grunt_snake_rune_pools, layout_cave_town, nicolae_shop_gadgets
Orc:1:    layout_diamond_mine, serial_shops, nicolae_lakefront_shop
Orc:2:    st_orc_congregation, layout_diamond_mine
Elf:1:    eino_elf_arrival_altar, layout_gridlike, gammafunk_ghost_arena,
          kennysheep_underground_church, minmay_misc_feat_cross, nrook_uturn,
          ebering_dispersal_statue_hall, serial_sigils_hangedman_quiver

Skill      XL: |  1  2  3  4  5  6  7  8  9 10 11 12 13 14 15 16 17 18 |
---------------+-------------------------------------------------------+-----
Fighting       | 1 2 3 4 5 6 7 9 10 11 12 14 15 17 19 20 | 20.1
Ice Magic      | 5 6 7 8 9 10 11 12 13 14 16 17 | 17.2
Spellcasting   | 3 4 5 7 8 9 10 12 13 15 16 | 16.0
Dodging        | 5 7 9 10 12 13 | 13.5
Evocations     | 3 5 7 8 |  8.0
Conjurations   | 3 4 |  4.0
Air Magic      | 3 4 |  4.0
Translocations | 2 |  2.0
Shields        | 4 6 |  6.0
Stealth        | |  2.1

Action                     |  1- 3 |  4- 6 |  7- 9 | 10-12 | 13-15 | 16-18 || total
---------------------------+-------+-------+-------+-------+-------+-------++-------
  Melee: Dagger            |    55 |   105 |       |       |       |       ||   160
         Unarmed           |     2 |       |       |       |       |       ||     2
         Punch             |       |     2 |     1 |     2 |    14 |     2 ||    21
         Tailslap          |       |     2 |       |       |     2 |       ||     4
         Trident           |       |     2 |    91 |       |       |   254 ||   347
         Spear             |       |       |    78 |   427 |   766 |    79 ||  1350
   Cast: Freeze            |    38 |    77 |    12 |    47 |    25 |     2 ||   201
         Frozen Ramparts   |     1 |     6 |    47 |    70 |    98 |    53 ||   275
         Ozocubu's Armour  |       |     3 |    27 |    45 |    62 |    36 ||   173
         Freezing Cloud    |       |       |       |     4 |    27 |     3 ||    34
         Ozocubu's Refrige |       |       |       |       |   179 |   414 ||   593
         Blink             |       |       |       |       |       |     1 ||     1
  Evoke: Wand              |       |       |       |       |       |     1 ||     1
    Use: Potion            |       |     1 |     3 |     1 |     5 |     9 ||    19
         Scroll            |       |       |    12 |     8 |    13 |     8 ||    41
   Stab: Sleeping          |     5 |     8 |       |     1 |     1 |     1 ||    16
 Armour: Robe              |    14 |    38 |    92 |   164 |   372 |   206 ||   886
  Dodge: Dodged            |    45 |   115 |   159 |   370 |   770 |   428 ||  1887
  Block: Other             |       |       |       |   164 |   301 |       ||   465
         Buckler           |       |       |       |       |       |   121 ||   121
